 Dungeon Crawl Stone Soup version 0.27.1-34-g3ba077fa99 (webtiles) character file.

Game seed: 16338827513153548430

65 thegreatkingdan the Skirmisher (level 3, -3/33 HPs)
             Began as a Draconian Fighter on Jan 3, 2022.
             Was a Follower of Vehumet.
             Slain by a gnoll (11 damage)
             ... on level 2 of the Dungeon.
             The game lasted 00:10:54 (1735 turns).

thegreatkingdan the Skirmisher (Draconian Fighter)  Turns: 1735, Time: 00:10:55

Health: -3/33      AC:  5    Str: 18    XL:     3   Next: 92%
Magic:  4/4        EV: 10    Int:  9    God:    Vehumet [*.....]
Gold:   19         SH:  9    Dex: 10    Spells: 2/3 levels left

rFire    . . .     SeeInvis .   a - +0 trident
rCold    . . .     Faith    .   b - +0 kite shield
rNeg     . . .     Spirit   .   (armour unavailable)
rPois    .         Reflect  .   (helmet restricted)
rElec    .         Harm     .   (no cloak)
rCorr    .         Rampage  .   (no gloves)
Will     .....                  (no boots)
Stlth    +.........             (no amulet)
HPRegen  0.11/turn              (no ring)
MPRegen  0.09/turn              (no ring)

@: mighty
A: AC +5, unfitting armour, cold-blooded
a: Renounce Religion


You were on level 2 of the Dungeon.
You worshipped Vehumet.
Vehumet was aware of your devotion.
You visited 1 branch of the dungeon, and saw 2 of its levels.

You collected 19 gold pieces.

Inventory:

Hand Weapons
 a - a +0 trident (weapon)
Missiles
 f - 73 stones (quivered)
Armour
 b - a +0 kite shield (worn)
Scrolls
 e - 2 scrolls of acquirement {unknown}
 i - a scroll of amnesia {unknown}
 k - a scroll of immolation {unknown}
Potions
 d - a potion of mutation {unknown}
 g - a potion of berserk rage {unknown}
 h - a potion of lignification {unknown}
 j - a potion of curing {unknown}


   Skills:
 + Level 3.7 Fighting
 - Level 2.1 Polearms
 + Level 3.1 Dodging
 + Level 0.5 Stealth
 + Level 3.5 Shields
 * Level 0.9 Spellcasting
 + Level 0.2 Conjurations
 + Level 0.2 Air Magic


You had 2 spell levels left.
You knew the following spells:

 Your Spells              Type           Power      Damage    Failure   Level
a - Shock                 Conj/Air       0%         1d3       83%         1

Your spell library contained the following spells:

 Spells                   Type           Power      Damage    Failure   Level
 Magic Dart               Conj           0%         1d3       83%         1
 Swiftness                Air            0%         N/A       99%         3
 Airstrike                Air            0%         N/A       100%        4


Dungeon Overview and Level Annotations

Branches:
Dungeon (2/15)

Altars:
Vehumet


Innate Abilities, Weirdness & Mutations

Your plain brown scales are hard. (AC +5)
You cannot fit into any form of body armour.
You are cold-blooded and may be slowed by cold attacks.


Message History

The gnoll shouts! x2
A gnoll comes into view. It is wielding a +4 whip.
The gnoll shouts!
You hear a shout!
You reach to attack!
You puncture the gnoll!
The gnoll is severely wounded.
The gnoll throws a stone.
The stone barely misses you.
You reach to attack!
You completely miss the gnoll.
The gnoll is severely wounded.
You block the gnoll's attack. The gnoll misses you.
You reach to attack!
You puncture the gnoll!
You kill the gnoll!
Vehumet accepts your kill.
You reach to attack!
You closely miss the gnoll.
A gnoll comes into view. It is wielding a +0 halberd.
The gnoll closely misses you.
You barely miss the gnoll. You hit the gnoll but do no damage.
The gnoll barely misses you. The gnoll hits you with a +0 club.
The gnoll hits you with a +4 whip! The gnoll hits you with a +0 club.
You barely miss the gnoll. You block the gnoll's attack. x2
You block the gnoll's attack.
You hit the gnoll.
The gnoll is moderately wounded.
The gnoll barely misses you. The gnoll closely misses you.
You hit the gnoll.
The gnoll is moderately wounded.
The gnoll hits you with a +4 whip! You block the gnoll's attack.
The gnoll closely misses you. The gnoll hits you with a +4 whip.
You are too injured to fight recklessly!
You are too injured to fight recklessly!
You closely miss the gnoll.
You tail-slap the gnoll, but do no damage.
The gnoll is moderately wounded.
The gnoll hits you with a +4 whip!
* * * LOW HITPOINT WARNING * * *
The gnoll hits you but does no damage.
You feel very mighty all of a sudden. You block the gnoll's attack.
The gnoll hits you from afar with a +0 halberd!
You die...

#.###.####.###....
#.# #.# #.# #....
###.# #.# #.# #..
....# #.# #.# #)#
##### #.#
#.###.###.##. #.#
#....g....... #.#
#####g######. #.#
#g# #.# #@#
#.########.#
#######..........#
.......#########.#
######.# #.# #.#
#.# #.# #.#
#>#########.#
#...........#


You could see 3 gnolls.

Vanquished Creatures
  A gnoll (D:2)
  An adder (D:2)
  A worm (D:2)
  6 ball pythons
  8 endoplasms
  2 giant cockroaches (D:1)
  3 goblins (D:1)
  3 hobgoblins
  3 jackals (D:2)
  2 kobolds (D:1)
  3 bats (D:1)
  4 frilled lizards
  3 rats
40 creatures vanquished.

Notes
Turn   | Place    | Note
-------+----------+-------------------------------------------
     0 | D:1      | thegreatkingdan the Draconian Fighter began the quest for
                  | the Orb.
     0 | D:1      | Reached XP level 1. HP: 19/19 MP: 1/1
   242 | D:1      | Reached XP level 2. HP: 23/26 MP: 2/2
   685 | D:1      | Found a faded altar of an unknown god.
   697 | D:1      | Became a worshipper of Vehumet
   697 | D:1      | Reached * piety under Vehumet
   697 | D:1      | Offered knowledge of Magic Dart by Vehumet.
   801 | D:1      | Learned a level 1 spell: Shock
   843 | D:1      | Reached XP level 3. HP: 31/31 MP: 3/3
  1735 | D:2      | Slain by a gnoll

Illustrated notes

Levels and vault maps discovered:
D:1:      elethiomel_arrival_maze, layout_loops_ring,
          ebering_ecumenical_altar_hall
D:2:      layout_loops_ring, uniq_crazy_yiuf_cottage

Skill      XL: |  1  2 |
---------------+-------+-----
Dodging        | 3 |  3.1
Fighting       | |  3.7
Polearms       | |  2.1
Stealth        | |  0.5
Shields        | |  3.5
Spellcasting   | |  0.9
Conjurations   | |  0.2
Air Magic      | |  0.2

Action                   || total
-------------------------++-------
Melee: Trident           ||    99
       Tailslap          ||    10
 Cast: Shock             ||     1
  Use: Potion            ||     1
 Stab: Sleeping          ||     4
Armor: Skin              ||    21
Dodge: Dodged            ||    37
Block: Kite shield       ||    38
